 Dungeon Crawl Stone Soup version 0.22-a0-458-gb446440 (webtiles) character file.

105 Juxi the Chopper (level 4, 0/41 HPs)
             Began as a Minotaur Berserker on June 8, 2018.
             Was a Believer of Trog.
             Slain by a gnoll
             ... wielding a +0 club
              (7 damage)
             ... on level 3 of the Dungeon.
             The game lasted 00:13:36 (2237 turns).

Juxi the Chopper (Minotaur Berserker)               Turns: 2237, Time: 00:13:37

Health: 0/41       AC:  2    Str: 23    XL:     4   Next: 54%
Magic:  3/3        EV: 12    Int:  4    God:    Trog [**....]
Gold:   82         SH:  0    Dex:  9    Spells: 3/3 levels left

rFire    . . .     SeeInvis .   q - -2 dagger
rCold    . . .     Gourm    .   (no shield)
rNeg     . . .     Faith    .   b - +0 animal skin
rPois    .         Spirit   .   (helmet restricted)
rElec    .         Reflect  .   (no cloak)
rCorr    .         Harm     .   (no gloves)
MR       .....                  (no boots)
Stlth    +.........             (no amulet)
HPRegen  0.13/turn              (no ring)
MPRegen  0.08/turn              (no ring)

@: no status effects
A: retaliatory headbutt, horns 2
a: Berserk, Trog's Hand, Renounce Religion


You were on level 3 of the Dungeon.
You worshipped Trog.
Trog was pleased with you.
You were very hungry.

You visited 1 branch of the dungeon, and saw 3 of its levels.

You collected 82 gold pieces.

Inventory:

Hand Weapons
 a - a +1 hand axe
 q - a -2 dagger (weapon)
Missiles
 f - 50 stones (quivered)
Armour
 b - a +0 animal skin (worn)
 g - a +0 ring mail
 h - a +0 pair of boots
 j - a +0 ring mail
Jewellery
 u - an uncursed ring of wizardry {unknown}
Scrolls
 i - 2 scrolls of identify
 k - 2 scrolls of random uselessness
 l - a scroll of remove curse
 m - a scroll of magic mapping {unknown}
 n - a scroll of fear {unknown}
 o - a scroll of enchant armour {unknown}
 p - a scroll of teleportation {unknown}
Potions
 d - a potion of curing
 r - a potion of magic {unknown}
 s - 3 potions of lignification {unknown}
 v - a potion of agility {unknown}
Comestibles
 c - a ration


   Skills:
 + Level 4.6 Fighting
 + Level 0.1 Short Blades
 + Level 4.9 Axes
 + Level 2.7 Armour
 + Level 3.0 Dodging
 + Level 0.4 Stealth


You had 3 spell levels left.
You didn't know any spells.
Your spell library was empty.

Dungeon Overview and Level Annotations

Branches:
Dungeon (3/15)

Altars:


Innate Abilities, Weirdness & Mutations

You reflexively headbutt those who attack you in melee.
You have a pair of horns on your head.


Message History

You are too injured to fight recklessly!
You are too injured to fight recklessly!
You are too injured to fight recklessly!
You are too injured to fight recklessly!
You are too injured to fight recklessly!
You are too injured to fight recklessly!
You are too injured to fight recklessly!
You are too injured to fight recklessly!
There isn't anything to butcher here.
Unknown command.
Unknown command.
Unknown command.
The gnoll barely misses you. The gnoll closely misses you.
You furiously retaliate!
You headbutt the gnoll. The gnoll hits you with a club.
* * * LOW HITPOINT WARNING * * *
The gnoll hits you with a club.
* * * LOW HITPOINT WARNING * * *
The gnoll hits you with a club!
You die...

#†# ### #.# #.. #.# #.# ##.# #.#
.#.# #.# .#.# #)# .#.# #.#
.#.############%###
.#.......#......@.#
.#######.#.####.#g# .#
#...#.#.#....#g# #### .#
#.#.#.#.#.####.# #... .#
#.#.#.#.#.####.# #.##
.###.#.#.#.#......# #.#
.....#.#.#.###################.#
###..#.#.#.....................#
#..#.#.########################


You could see 2 gnolls.

Vanquished Creatures
  A gnoll (D:3)
  2 adders
  2 worms (D:2)
  2 dart slugs (D:1)
  A leopard gecko (D:2)
  5 orcs (D:3)
  3 bats
  4 giant cockroaches
  16 goblins
  8 hobgoblins
  2 kobolds
  2 frilled lizards (D:1)
  5 rats
53 creatures vanquished.

Notes
Turn   | Place    | Note
-------+----------+-------------------------------------------
     0 | D:1      | Juxi the Minotaur Berserker began the quest for the Orb.
     0 | D:1      | Reached XP level 1. HP: 19/19 MP: 0/0
   152 | D:1      | Reached XP level 2. HP: 17/27 MP: 1/1
   735 | D:1      | Reached XP level 3. HP: 32/33 MP: 2/2
  1472 | D:2      | Reached ** piety under Trog
  1678 | D:2      | Reached XP level 4. HP: 41/41 MP: 3/3
  2237 | D:3      | Slain by a gnoll

Vault maps used:
D:1:      minmay_arrival_stone_box
D:2:      kennysheep_the_goblin_king, due_unseen_surprise
D:3:      nicolae_overflow_crystal_walls, supply_closet_lemuel, uniq_ijyb,
          uniq_crazy_yiuf_cottage

Skill      XL: |  1  2  3  4 |
---------------+-------------+-----
Axes           | 4 |  4.9
Fighting       | 4 |  4.6
Dodging        | 3 |  3.0
Short Blades   | |  0.1
Armour         | |  2.7
Stealth        | |  0.4

Action                   |  1- 3 |  4- 6 || total
-------------------------+-------+-------++-------
Melee: Hand axe          |    71 |       ||    71
       Headbutt          |    15 |     9 ||    24
       Dagger            |     2 |    25 ||    27
  Use: Potion            |     1 |     1 ||     2
       Scroll            |       |     4 ||     4
  Eat: Chunk             |     2 |     1 ||     3
Armor: Animal skin       |    12 |       ||    12
Dodge: Dodged            |    31 |    18 ||    49

Table legend:
 A = Spawn XP
 B = Non-spawn XP
 C = Spawn XP percentage of total XP
 D = Spawn monster count
 E = Non-spawn monster count
 F = Spawn count percentage of total count
 G = Total turns spent on level
                    A         B        C        D         E        F      G
               +---------+---------+-------+---------+---------+-------+---------
         Total |       0 |     151 |   0.0 |       0 |      53 |   0.0 |  2237
               +---------+---------+-------+---------+---------+-------+---------
           D:1 |       0 |      46 |   0.0 |       0 |      23 |   0.0 |   908
           D:2 |       0 |      54 |   0.0 |       0 |      19 |   0.0 |   953
           D:3 |       0 |      51 |   0.0 |       0 |      11 |   0.0 |   376
               +---------+---------+-------+---------+---------+-------+---------
